 Dungeon Crawl Stone Soup version 0.23-a0-607-g760965b753 (webtiles) character file.

77 Adamkad1 the Insei (level 4, -2/22 HPs)
             Began as a Vine Stalker Transmuter on Dec 20, 2018.
             Blown up by Ijyb (14 damage)
             ... with a wand of disintegration (8)
             ... on level 3 of the Dungeon.
             The game lasted 00:03:38 (2018 turns).

Adamkad1 the Insei (Vine Stalker Transmuter)        Turns: 2018, Time: 00:03:39

Health: -2/22      AC:  5    Str: 12    XL:     4   Next: 33%
Magic:  0/9        EV: 12    Int: 14    God:
Gold:   129        SH:  0    Dex: 20    Spells: 2/8 levels left

rFire    . . .     SeeInvis .     - Unarmed
rCold    . . .     Gourm    .   (no shield)
rNeg     . . .     Faith    .   j - +0 leather armour
rPois    .         Spirit   +   (no helmet)
rElec    .         Reflect  .   e - +0 cloak
rCorr    .         Harm     .   (no gloves)
MR       .....                  h - +0 pair of boots
Stlth    ++........             (no amulet)
HPRegen  0.47/turn              g - +5 ring of dexterity
MPRegen  0.11/turn              (no ring)

@: no status effects
A: fangs 2, regeneration 1, magic shield, antimagic bite, no potion heal 3, rot
immunity
a: no special abilities


You were on level 3 of the Dungeon.
You were not hungry.

You visited 1 branch of the dungeon, and saw 3 of its levels.

You collected 129 gold pieces.

Inventory:

Missiles
 a - 12 arrows
Armour
 b - a +0 robe
 e - a +0 cloak (worn)
 h - a +0 pair of boots (worn)
 j - a +0 leather armour (worn)
Jewellery
 g - a +5 ring of dexterity (left hand)
Scrolls
 c - 5 scrolls of identify
 i - a scroll of remove curse
Potions
 f - a potion of flight
 k - a potion of lignification {unknown}
 m - 2 potions of curing {unknown}
 o - a potion of mutation {unknown}
Comestibles
 d - 2 rations
 l - 2 chunks of flesh


   Skills:
 + Level 1.1 Fighting
 * Level 2.0 Dodging
 - Level 0.6 Stealth
 * Level 3.5 Unarmed Combat
 * Level 2.8 Spellcasting
 * Level 2.7 Transmutations
 + Level 0.5 Poison Magic


You had 2 spell levels left.
You knew the following spells:

 Your Spells              Type           Power        Failure   Level  Hunger
a - Beastly Appendage     Tmut           #.....       9%          1    #......
b - Sticks to Snakes      Tmut           #.......     14%         2    ###....
c - Spider Form           Tmut/Pois      #.........   38%         3    ###....

Your spell library contained the following spells:

 Spells                   Type           Power        Failure   Level  Hunger
 Ice Form                 Ice/Tmut       #.......     83%         4    #####..
 Blade Hands              Tmut           #.........   94%         5    ######.


Dungeon Overview and Level Annotations

Branches:
Dungeon (3/15)

Altars:
Kikubaaqudgha

Annotations:
D:3 Ijyb


Innate Abilities, Weirdness & Mutations

You have extremely sharp teeth.
Your natural rate of healing is unusually fast.
When hurt, damage is shared between your health and your magic reserves.
Your bite disrupts and absorbs the magic of your enemies.
Potions cannot restore your health.
You are immune to rotting.


Message History

Casting: Beastly Appendage (safe; 9% risk of failure)
Confirm with . or Enter, or press ? or * to list all spells.
You don't know that spell.
You completely miss the hobgoblin.
You bite the hobgoblin, but do no damage.
Ijyb screams, "You nasty!
Big nasty!"
You closely miss the hobgoblin. Your headbutt misses the hobgoblin.
The hobgoblin barely misses you.
You hit the hobgoblin. You headbutt the hobgoblin.
You kill the hobgoblin!
Ijyb zaps a wand.
You are blasted!
Ouch! That really hurt!
You are too injured to fight recklessly!
Unknown command.
Unknown command.
Your horns disappear.
Ijyb zaps a wand.
You struggle to resist.
Ijyb zaps a wand.
You are blasted!
Ouch! That really hurt!
You die...

#.# #######
#.# #.....#
#.######.##.##
#..........(.#
########.#..##
#.#..# #.#..#
#.#..# #@#..#
#.#..# #.#..#
#.#..# #.#..#
#.#..##
#.#...#
#g##### #.#


You could see Ijyb.

Vanquished Creatures
  3 adders (D:2)
  A shadow imp (D:2)
  A worm (D:2)
  2 dart slugs (D:1)
  4 giant cockroaches
  4 hobgoblins
  A quokka (D:2)
  A ball python (D:2)
  2 bats
  2 frilled lizards (D:1)
  5 goblins
  4 kobolds
  9 rats
39 creatures vanquished.

Notes
Turn   | Place    | Note
-------+----------+-------------------------------------------
     0 | D:1      | Adamkad1 the Vine Stalker Transmuter began the quest for
                  | the Orb.
     0 | D:1      | Reached XP level 1. HP: 9/9 MP: 4/4
   331 | D:1      | Reached XP level 2. HP: 14/14 MP: 6/6
   887 | D:1      | Learned a level 2 spell: Sticks to Snakes
   894 | D:1      | Reached XP level 3. HP: 16/17 MP: 5/7
   903 | D:1      | Learned a level 3 spell: Spider Form
  1153 | D:2      | Reached skill level 1 in Fighting
  1229 | D:2      | Found an ancient bone altar of Kikubaaqudgha.
  1450 | D:2      | Gained mutation: Your natural rate of healing is unusually
                  | fast. [Vine Stalker growth]
  1450 | D:2      | Reached XP level 4. HP: 19/22 MP: 7/9
  2004 | D:3      | Noticed Ijyb
  2018 | D:3      | Blown up by Ijyb

Vault maps used:
D:1:      minmay_arrival_radiant_lines
D:2:      nicolae_overflow_crystal_walls, first_ration
D:3:      minmay_spotlight, kennysheep_generic_room_2, uniq_ijyb

Skill      XL: |  1  2  3 |
---------------+----------+-----
Fighting       | 1 |  1.1
Dodging        | 2 |  2.0
Stealth        | |  0.6
Unarmed Combat | |  3.5
Spellcasting   | |  2.8
Transmutations | |  2.7
Poison Magic   | |  0.5

Action                   |  1- 3 |  4- 6 || total
-------------------------+-------+-------++-------
Melee: Unarmed           |    77 |    36 ||   113
       Bite              |    13 |     8 ||    21
       Headbutt          |    12 |     5 ||    17
 Cast: Beastly Appendage |    19 |     6 ||    25
  Use: Scroll            |       |     3 ||     3
 Stab: Sleeping          |     1 |       ||     1
  Eat: Chunk             |     2 |     2 ||     4
Armor: Robe              |     7 |       ||     7
       Leather armour    |    14 |     3 ||    17
Dodge: Dodged            |    42 |    14 ||    56

Table legend:
 A = Non-vault XP
 B = Vault XP
 C = Vault XP percentage of total XP
 D = Non-vault monster count
 E = Vault monster count
 F = Vault count percentage of total count
                 A         B        C        D         E       F
            +---------+---------+-------+---------+---------+-------
      Total |     110 |       0 |   0.0 |      39 |       0 |   0.0
            +---------+---------+-------+---------+---------+-------
        D:1 |      34 |       0 |   0.0 |      22 |       0 |   0.0
        D:2 |      72 |       0 |   0.0 |      15 |       0 |   0.0
        D:3 |       4 |       0 |   0.0 |       2 |       0 |   0.0
            +---------+---------+-------+---------+---------+-------
